 Dungeon Crawl Stone Soup version 0.24-a0-462-ge24419a6ad (console) character file.

Game seed: 7288888843351742667

194 Lexodia the Sneak (level 5, 0/37 HPs)
             Began as a Gnoll Enchanter on July 1, 2019.
             Slain by Duvessa
             ... wielding a +0 short sword
              (4 damage)
             ... on level 4 of the Dungeon.
             The game lasted 00:04:34 (2266 turns).

Lexodia the Sneak (Gnoll Enchanter)                 Turns: 2266, Time: 00:04:35

Health: 0/37       AC:  3    Str: 16    XL:     5   Next: 73%
Magic:  10/12      EV: 15    Int: 18    God:
Gold:   81         SH:  0    Dex: 19    Spells: 2/14 levels left

rFire    . . .     SeeInvis .   g - +1 dagger (vamp)
rCold    . . .     Gourm    .   (no shield)
rNeg     . . .     Faith    .   b - +0 robe
rPois    .         Spirit   .   (no helmet)
rElec    .         Reflect  .   t - +0 cloak
rCorr    .         Harm     .   (no gloves)
MR       .....                  (no boots)
Stlth    ++++......             (no amulet)
HPRegen  0.12/turn              h - +4 ring of dexterity
MPRegen  0.13/turn              (no ring)

@: mighty
A: distributed training, fangs 1, strong nose
a: no special abilities


You were on level 4 of the Dungeon.
You were not hungry.

You visited 1 branch of the dungeon, and saw 4 of its levels.

You collected 171 gold pieces.
You spent 90 gold pieces at shops.

Inventory:

Hand Weapons
 g - a +1 vampiric dagger (weapon)
Missiles
 m - 4 boomerangs (quivered)
Armour
 b - a +0 robe (worn)
 t - a +0 cloak (worn)
Jewellery
 h - a +4 ring of dexterity (left hand)
Scrolls
 a - a scroll of enchant armour {unknown}
 f - a scroll of blinking {unknown}
 j - a scroll of identify {unknown}
 k - 2 scrolls of teleportation {unknown}
 o - a scroll of random uselessness {unknown}
 p - a scroll of magic mapping {unknown}
 r - 3 scrolls of remove curse {unknown}
Potions
 i - 2 potions of curing
 n - a potion of heal wounds {unknown}
 q - a potion of ambrosia {unknown}
 s - a potion of lignification {unknown}
Comestibles
 c - 2 chunks of flesh
 d - 5 rations


   Skills:
 + Level 1.6 Fighting
 + Level 3.0 Short Blades
 + Level 1.6 Long Blades
 + Level 1.6 Axes
 + Level 1.6 Maces & Flails
 + Level 1.6 Polearms
 + Level 1.6 Staves
 + Level 1.6 Slings
 + Level 1.6 Bows
 + Level 1.6 Crossbows
 + Level 1.6 Throwing
 + Level 1.6 Armour
 + Level 4.8 Dodging
 + Level 6.2 Stealth
 + Level 1.6 Shields
 + Level 1.6 Unarmed Combat
 + Level 5.2 Spellcasting
 + Level 1.2 Conjurations
 + Level 5.5 Hexes
 + Level 1.2 Charms
 + Level 1.2 Summonings
 + Level 1.2 Necromancy
 + Level 1.2 Translocations
 + Level 1.2 Transmutations
 + Level 1.2 Fire Magic
 + Level 1.2 Ice Magic
 + Level 1.2 Air Magic
 + Level 1.2 Earth Magic
 + Level 1.2 Poison Magic
 + Level 1.8 Invocations
 + Level 1.6 Evocations


You had 2 spell levels left.
You knew the following spells:

 Your Spells              Type           Power        Failure   Level  Hunger
a - Corona                Hex            ###....      1%          1    None
b - Ensorcelled Hibernat  Hex/Ice        ###...       4%          2    #......
c - Confuse               Hex            ###.....     4%          3    ##.....
d - Tukima's Dance        Hex            ###.....     4%          3    ##.....
e - Dazzling Spray        Conj/Hex       ###...       10%         3    ##.....

Your spell library contained the following spells:

 Spells                   Type           Power        Failure   Level  Hunger


Dungeon Overview and Level Annotations

Branches:
Dungeon (4/15)
 Temple: D:4-7

Altars:
Trog
Zin

Annotations:
D:4 Duvessa


Innate Abilities, Weirdness & Mutations

Your experience applies equally to all skills.
You have very sharp teeth.
Your uncanny sense of smell can sniff out nearby items.


Message History

Damage: -3%(-1hp) hp: 14%(5hp)
You completely miss Dowan.
Dowan is heavily wounded.
Duvessa says, "When magic and the sword combine, nothing stands against them."
Duvessa barely misses you. Dowan completely misses you.
You hit Dowan.
You feel better.
Your bite misses Dowan.
Dowan is severely wounded.
Duvessa hits you but does no damage.
You puncture Dowan!
You feel better.
You kill Dowan!
Duvessa screams in rage.
Duvessa goes berserk!
Your Short Blades skill increases to level 3!
Duvessa hits you with a +0 short sword!
* * * LOW HITPOINT WARNING * * *
Huge Dmg: -17%(-6hp) hp: 11%(4hp)
You hit Duvessa but do no damage. You bite Duvessa.
Duvessa is lightly wounded.
Duvessa misses you. Duvessa hits you with a +0 short sword.
You die...

#.....#.........##..# ....
###.................#..>..
#.......#####...##..#.....
##.......# ###..........
##...#########..........<
#.#..## ##..............l
##.....###..<####....$..(.
#..........##.#.e.##......
#..#......@##.....# .....
##.####...)e..##### ....
.. #........# ... #.
###..#...# .. #.##.### .
######


You could see Duvessa (berserk).

Vanquished Creatures
  Dowan (D:4)
  A centaur zombie (D:4)
  Crazy Yiuf (D:3)
  A hound skeleton (D:4)
  2 adders
  2 oozes (D:1)
  4 leopard geckos
  4 orcs
  2 giant cockroaches
  7 goblins
  2 hobgoblins (D:1)
  5 kobolds
  4 bats
  4 rats (D:1)
40 creatures vanquished.

Notes
Turn   | Place    | Note
-------+----------+-------------------------------------------
     0 | D:1      | Lexodia the Gnoll Enchanter began the quest for the Orb.
     0 | D:1      | Reached XP level 1. HP: 13/13 MP: 6/6
     9 | D:1      | Huge Dmg: 5 dmg
    11 | D:1      | Huge Dmg: 2 dmg
    12 | D:1      | Huge Dmg: 2 dmg
    15 | D:1      | Huge Dmg: 1 dmg
   427 | D:1      | Reached XP level 2. HP: 19/19 MP: 7/7
   432 | D:1      | Huge Dmg: 4 dmg
   436 | D:1      | Learned a level 2 spell: Ensorcelled Hibernation
   988 | D:1      | Reached skill level 5 in Spellcasting
   988 | D:1      | Reached XP level 3. HP: 25/25 MP: 7/9
  1188 | D:3      | Reached skill level 6 in Stealth
  1260 | D:3      | Huge Dmg: 11 dmg
  1261 | D:3      | Huge Dmg: 5 dmg
  1263 | D:3      | Huge Dmg: 4 dmg
  1343 | D:3      | Found a bloodstained altar of Trog.
  1396 | D:3      | Reached skill level 1 in Invocations
  1788 | D:3      | Reached skill level 1 in Fighting
  1788 | D:3      | Reached skill level 1 in Long Blades
  1788 | D:3      | Reached skill level 1 in Axes
  1788 | D:3      | Reached skill level 1 in Maces & Flails
  1788 | D:3      | Reached skill level 1 in Polearms
  1788 | D:3      | Reached skill level 1 in Staves
  1788 | D:3      | Reached skill level 1 in Slings
  1788 | D:3      | Reached skill level 1 in Bows
  1788 | D:3      | Reached skill level 1 in Crossbows
  1788 | D:3      | Reached skill level 1 in Throwing
  1788 | D:3      | Reached skill level 1 in Armour
  1788 | D:3      | Reached skill level 1 in Shields
  1788 | D:3      | Reached skill level 1 in Unarmed Combat
  1788 | D:3      | Reached skill level 1 in Evocations
  1832 | D:3      | Found a runed translucent door.
  1833 | D:3      | Noticed Crazy Yiuf
  1919 | D:3      | Killed Crazy Yiuf
  1919 | D:3      | Reached XP level 4. HP: 32/32 MP: 11/11
  1969 | D:4      | Found Zin's Purification Station.
  1969 | D:4      | Found a glowing silver altar of Zin.
  1992 | D:4      | Huge Dmg: 11 dmg
  1997 | D:4      | Reached skill level 1 in Conjurations
  1997 | D:4      | Reached skill level 1 in Charms
  1997 | D:4      | Reached skill level 1 in Summonings
  1997 | D:4      | Reached skill level 1 in Necromancy
  1997 | D:4      | Reached skill level 1 in Translocations
  1997 | D:4      | Reached skill level 1 in Transmutations
  1997 | D:4      | Reached skill level 1 in Fire Magic
  1997 | D:4      | Reached skill level 1 in Ice Magic
  1997 | D:4      | Reached skill level 1 in Air Magic
  1997 | D:4      | Reached skill level 1 in Earth Magic
  1997 | D:4      | Reached skill level 1 in Poison Magic
  1997 | D:4      | Reached XP level 5. HP: 12/37 MP: 12/12
  2002 | D:4      | Learned a level 3 spell: Confuse
  2006 | D:4      | Learned a level 3 spell: Tukima's Dance
  2010 | D:4      | Learned a level 3 spell: Dazzling Spray
  2013 | D:4      | Bought a potion of curing for 90 gold pieces
  2240 | D:4      | Noticed Duvessa
  2240 | D:4      | Noticed Dowan
  2249 | D:4      | Huge Dmg: 9 dmg
  2254 | D:4      | Huge Dmg: 11 dmg
  2258 | D:4      | Huge Dmg: 3 dmg
  2265 | D:4      | Killed Dowan
  2266 | D:4      | Huge Dmg: 6 dmg
  2266 | D:4      | Slain by Duvessa

Levels and vault maps discovered:
D:1:      erik_arrival_gehennom, layout_basic
D:2:      layout_rooms, minmay_misc_feat_roman, uniq_robin
D:3:      layout_basic, bloody_trog, first_ration, uniq_crazy_yiuf_cottage
D:4:      layout_cave_pools, zin_purify, minmay_temple_entry_proselytizer,
          serial_shops, shop, patterned_corridor, uniq_duvessa, uniq_ijyb

Skill      XL: |  1  2  3  4  5 |
---------------+----------------+-----
Spellcasting   | 5 |  5.2
Stealth        | 6 |  6.2
Invocations    | 1 |  1.8
Fighting       | 1 |  1.6
Long Blades    | 1 |  1.6
Axes           | 1 |  1.6
Maces & Flails | 1 |  1.6
Polearms       | 1 |  1.6
Staves         | 1 |  1.6
Slings         | 1 |  1.6
Bows           | 1 |  1.6
Crossbows      | 1 |  1.6
Throwing       | 1 |  1.6
Armour         | 1 |  1.6
Shields        | 1 |  1.6
Unarmed Combat | 1 |  1.6
Evocations     | 1 |  1.6
Conjurations   | 1 |  1.2
Charms         | 1 |  1.2
Summonings     | 1 |  1.2
Necromancy     | 1 |  1.2
Translocations | 1 |  1.2
Transmutations | 1 |  1.2
Fire Magic     | 1 |  1.2
Ice Magic      | 1 |  1.2
Air Magic      | 1 |  1.2
Earth Magic    | 1 |  1.2
Poison Magic   | 1 |  1.2
Short Blades   | 3 |  3.0
Dodging        | |  4.8
Hexes          | |  5.5

Action                   |  1- 3 |  4- 6 || total
-------------------------+-------+-------++-------
Melee: Dagger            |    64 |    41 ||   105
       Bite              |     3 |     7 ||    10
Throw: Boomerang         |       |     2 ||     2
 Cast: Corona            |     4 |     1 ||     5
       Ensorcelled Hiber |    10 |     8 ||    18
       Confuse           |       |     1 ||     1
  Use: Potion            |       |     2 ||     2
 Stab: Sleeping          |    20 |     4 ||    24
  Eat: Chunk             |     3 |     1 ||     4
Armor: Robe              |     7 |     8 ||    15
Dodge: Dodged            |    41 |    32 ||    73

Table legend:
 A = Non-vault XP
 B = Vault XP
 C = Vault XP percentage of total XP
 D = Non-vault monster count
 E = Vault monster count
 F = Vault count percentage of total count
                 A         B        C        D         E       F
            +---------+---------+-------+---------+---------+-------
      Total |     148 |     130 |  46.8 |      33 |       7 |  17.5
            +---------+---------+-------+---------+---------+-------
        D:1 |      21 |      19 |  47.5 |      13 |       5 |  27.8
        D:3 |      36 |      39 |  52.0 |      12 |       1 |   7.7
        D:4 |      91 |      72 |  44.2 |       8 |       1 |  11.1
            +---------+---------+-------+---------+---------+-------
